 Dungeon Crawl Stone Soup version 0.28.0-47-ge53b351184 (webtiles) character file.

Game seed: 10935842103083231142

228 H0rd4k the Magician (level 5, -1/28 HPs)
             Began as a Deep Elf Hedge Wizard on May 9, 2022.
             Slain by a water moccasin zombie (7 damage)
             ... in an ossuary.
             The game lasted 00:04:43 (4003 turns).

H0rd4k the Magician (Deep Elf Hedge Wizard)         Turns: 4003, Time: 00:04:44

Health: -1/28      AC:  5    Str:  6 (7)  XL:     5   Next: 70%
Magic:  6/15       EV: 13    Int: 18 (21) God:
Gold:   87         SH:  0    Dex: 13 (14) Spells: 7/16 levels left

rFire   . . .      SeeInvis .   a - +0 dagger
rCold   . . .      Faith    .   (no shield)
rNeg    . . .      Spirit   .   b - +0 robe
rPois   .          Reflect  .   c - +0 hat
rElec   .          Harm     .   (no cloak)
rCorr   .          Rampage  .   (no gloves)
Will    .....      Clarity  +   h - +0 pair of boots
Stlth   ++........              (no amulet)
HPRegen 0.09/turn               (no ring)
MPRegen 0.14/turn               (no ring)

@: very slightly contaminated
A: iridescent scales 1, clarity, evolution 1
a: no special abilities


You were in an ossuary.
You visited 1 branch of the dungeon, and saw 4 of its levels.
You also visited: Ossuary.

You collected 87 gold pieces.

Inventory:

Hand Weapons
 a - a +0 dagger (weapon)
Armour
 b - a +0 robe (worn)
 c - a +0 hat (worn)
 h - a +0 pair of boots (worn)
Scrolls
 f - 3 scrolls of fog {unknown}
 g - a scroll of blinking {unknown}
 i - a scroll of identify {unknown}
 j - a scroll of amnesia {unknown}
 k - a scroll of summoning {unknown}
 l - 2 scrolls of enchant armour {unknown}
 m - a scroll of immolation {unknown}


   Skills:
 + Level 0.2 Fighting
 + Level 0.1 Short Blades
 + Level 3.1 Dodging
 - Level 2.4 Stealth
 + Level 6.4 Spellcasting
 + Level 2.9 Conjurations
 + Level 1.1 Summonings
 + Level 1.6 Translocations
 + Level 1.2 Fire Magic
 + Level 1.2 Air Magic
 + Level 1.3 Poison Magic


You had 7 spell levels left.
You knew the following spells:

 Your Spells              Type           Power      Damage    Failure   Level
a - Magic Dart            Conj           64%        1d6       3%          1
b - Blink                 Tloc           22%        N/A       9%          2
c - Conjure Flame         Conj/Fire      13%        6-21      14%         3
d - Mephitic Cloud        Conj/Pois/Air  12%        N/A       16%         3

Your spell library contained the following spells:

 Spells                   Type           Power      Damage    Failure   Level
 Call Imp                 Summ           9%         N/A       11%         2
 Slow                     Hex            20%        N/A       12%         1


Dungeon Overview and Level Annotations

Branches:
Dungeon (4/15)            Ossuary (1/1)
 Temple: D:4-7

Altars:
Hepliaklqana

Shops:
D:2 (

Annotations:
D:1 exclusion: downstairs
D:3 1 exclusion


Innate Abilities, Weirdness & Mutations

You are partially covered in iridescent scales. (AC +2)
You possess an exceptional clarity of mind.
You have hidden genetic potential.


Message History

The water moccasin zombie bites you.
* * * LOW HITPOINT WARNING * * *
The water moccasin zombie bites you.
* * * LOW HITPOINT WARNING * * *
There is an open door here.
You are too injured to fight recklessly!
You are too injured to fight recklessly!
You aren't carrying any items that you can evoke.
It was a potion of mutation.
You feel extremely strange.
Your thoughts seem clearer.
Iridescent scales grow over part of your body.
You feel a hidden potential growing inside you.
The water moccasin zombie closely misses you.
It was a potion of degeneration.
There was something very wrong with that liquid.
You feel weakened.
You feel dopey.
You feel clumsy. The water moccasin zombie bites you.
* * * LOW HITPOINT WARNING * * *
It was a potion of curing.
You feel better.
The water moccasin zombie completely misses you.
The water moccasin zombie misses you.
Casting: Magic Dart (safe; 3% risk of failure)
Confirm with . or Enter, or press ? or * to list all spells.
Aiming: Magic Dart (safe; 3% risk of failure)
Press: ? - help, Shift-Dir - straight line, f/p - water moccasin zombie
Aim: a water moccasin zombie (heavily damaged, 100% to hit)
The magic dart hits the water moccasin zombie.
The water moccasin zombie is severely damaged.
The water moccasin zombie bites you.
* * * LOW HITPOINT WARNING * * *
Sorry, you're not good enough to have a special ability.
Casting: Magic Dart (safe; 3% risk of failure)
Confirm with . or Enter, or press ? or * to list all spells.
Aiming: Magic Dart (safe; 3% risk of failure)
Press: ? - help, Shift-Dir - straight line, f/p - water moccasin zombie
Aim: a water moccasin zombie (severely damaged, 100% to hit)
The magic dart hits the water moccasin zombie.
The water moccasin zombie is severely damaged.
The water moccasin zombie bites you!
You die...

#...# #...#
#...# #...#
#'### #...#
#...##### ###
#...#...#?!!?#
#..ZZ@∩.#!!!?+
#∩..#...#!!?!#
######### ###


You could see a water moccasin zombie and a hobgoblin zombie.

Vanquished Creatures
  An elf zombie (D:4)
  A human skeleton (D:4)
  A hound skeleton (D:3)
  3 adders
  An adder zombie (Ossuary)
  3 worms
  2 dart slugs
  2 orcs (D:4)
  7 bats
  8 endoplasms
  4 giant cockroaches
  3 goblins
  5 hobgoblins
  5 jackals
  3 kobolds
  3 quokkas
  5 ball pythons
  4 frilled lizards
  A gnoll zombie (Ossuary)
  A hobgoblin zombie (Ossuary)
  A kobold zombie (Ossuary)
  An orc skeleton (D:4)
  An orc zombie (Ossuary)
  10 rats
76 creatures vanquished.

Notes
Turn   | Place    | Note
-------+----------+-------------------------------------------
     0 | D:1      | H0rd4k the Deep Elf Hedge Wizard began the quest for the
                  | Orb.
     0 | D:1      | Reached XP level 1. HP: 10/10 MP: 7/7
   343 | D:1      | Reached skill level 5 in Spellcasting
   356 | D:1      | Reached XP level 2. HP: 15/15 MP: 7/10
   507 | D:1      | Found a faded altar of an unknown god.
  1063 | D:1      | Reached XP level 3. HP: 19/19 MP: 6/11
  1066 | D:1      | Learned a level 2 spell: Blink
  1070 | D:1      | Learned a level 3 spell: Conjure Flame
  1074 | D:1      | Learned a level 3 spell: Mephitic Cloud
  1614 | D:2      | Found Naseolea's Antique Weapon Boutique.
  1614 | D:2      | Found a hazy altar of Hepliaklqana.
  2045 | D:3      | Reached XP level 4. HP: 24/24 MP: 5/13
  2173 | D:3      | Reached skill level 1 in Air Magic
  3660 | D:4      | Reached skill level 6 in Spellcasting
  3660 | D:4      | Reached skill level 1 in Fire Magic
  3660 | D:4      | Reached skill level 1 in Poison Magic
  3660 | D:4      | Reached XP level 5. HP: 15/28 MP: 5/15
  3718 | D:4      | Found a sand-covered staircase.
  3748 | Ossuary  | Entered an ossuary
  3999 | Ossuary  | Gained mutation: You possess an exceptional clarity of
                  | mind. [potion of mutation]
  3999 | Ossuary  | Gained mutation: You are partially covered in iridescent
                  | scales. (AC +2) [potion of mutation]
  3999 | Ossuary  | Gained mutation: You have hidden genetic potential. [potion
                  | of mutation]
  4003 | Ossuary  | Slain by a water moccasin zombie

Illustrated notes

Levels and vault maps discovered:
D:1:      minmay_arrival_diagonal_passages, layout_loops_cross,
          ebering_ecumenical_altar_ruins
D:2:      layout_rooms, basic_altar, serial_shops, shop_fountains
D:3:      layout_basic, corexii_item_surrounded_by_moat
D:4:      layout_basic, nicolae_ossuary_entry_catacombs, nicolae_shop_self_help
Ossuary:  ossuary_tomb_2

Skill      XL: |  1  2  3  4 |
---------------+-------------+-----
Spellcasting   | 5 6 |  6.4
Conjurations   | 2 |  2.9
Dodging        | 3 |  3.1
Air Magic      | 1 |  1.2
Fire Magic     | 1 |  1.2
Poison Magic   | 1 |  1.3
Fighting       | |  0.2
Short Blades   | |  0.1
Stealth        | |  2.4
Summonings     | |  1.1
Translocations | |  1.6

Action                   |  1- 3 |  4- 6 || total
-------------------------+-------+-------++-------
Melee: Dagger            |     4 |     7 ||    11
 Cast: Magic Dart        |   119 |   106 ||   225
       Blink             |       |     7 ||     7
       Conjure Flame     |       |     3 ||     3
  Use: Potion            |       |     3 ||     3
Armor: Robe              |     6 |    10 ||    16
Dodge: Dodged            |    26 |    41 ||    67
